[ AOE2 MATCH · #482036700 ]
Team RMTeutons vs Hindustanis
[ REPLAY ANALYSIS · EXTRACTED FROM THE RECORDED GAME ]
Feudal
15:12
Castle
20:55
Imperial
43:44
| APM avg | 29.9 |
| APM peak | 75 |
| eAPM avg | 25.9 |
| Villagers / military | 277 / 349 |
Focus
⚔️ 37.1% · 🌾 62.9%
Scorpion ×106 · Knight ×67 · Teutonic Knight ×67 · Spearman ×63 · Trebuchet (Packed) ×14 · Battering Ram ×13
Feudal
12:05
Castle
17:59
Imperial
44:01
| APM avg | 23.3 |
| APM peak | 72 |
| eAPM avg | 14.8 |
| Villagers / military | 184 / 406 |
Focus
⚔️ 33.3% · 🌾 66.7%
Scout Cavalry ×187 · Archer ×175 · Trade Cart ×24 · Camel Scout ×23 · Ghulam ×14 · Spearman ×3
Feudal
15:36
Castle
23:44
Imperial
51:24
| APM avg | 10.8 |
| APM peak | 35 |
| eAPM avg | 7.1 |
| Villagers / military | 70 / 176 |
Focus
⚔️ 31.2% · 🌾 68.8%
Scout Cavalry ×145 · Elephant Archer ×9 · Mangonel ×7 · Scorpion ×7 · Monk ×3 · Militia ×2
Feudal
12:51
Castle
20:24
Imperial
—
| APM avg | 2.5 |
| APM peak | 19 |
| eAPM avg | 1.8 |
| Villagers / military | 30 / 4 |
Focus
⚔️ 8.6% · 🌾 91.4%
Spearman ×4
Feudal
10:32
Castle
21:04
Imperial
42:30
| APM avg | 33.7 |
| APM peak | 94 |
| eAPM avg | 17.5 |
| Villagers / military | 126 / 274 |
Focus
⚔️ 37.6% · 🌾 62.4%
Scout Cavalry ×102 · Spearman ×57 · Scorpion ×50 · Battle Elephant ×32 · Monk ×10 · Ballista Elephant ×9
Feudal
13:14
Castle
21:08
Imperial
34:46
| APM avg | 43.6 |
| APM peak | 116 |
| eAPM avg | 21.5 |
| Villagers / military | 137 / 581 |
Focus
⚔️ 58.8% · 🌾 41.2%
Woad Raider ×500 · Scorpion ×45 · Spearman ×20 · Trebuchet (Packed) ×12 · Monk ×2 · Scout Cavalry ×2
Match map
Initial resources + every placement click. Lines = walls · curves = elevation contours. ◆ gold · ⬟ stone · ● berries · ✦ relic · ◌ wall gap
Your base· Open — unwalled flank
L7's base· Open — unwalled flank
RAFAEL CORREA DELGADO's base· Open — unwalled flank
malin la estrella xd's base· Open — unwalled flank
Morket's base· Open — unwalled flank
EL SANTO PADRE EL ORIGINAL's base· Open — unwalled flank
Smoothed initial terrain · ◌ = detected wall gap · hover for details
Inputs per minute
— EL_PUERCO_REDENTOR - - L7
Build order — EL_PUERCO_REDENTOR
First 150 of 848 actions detected
| 0:35 | Research | Loom |
| 0:35 | Create | Villager (Male) |
| 0:35 | Create | Villager (Male) |
| 0:35 | Create | Villager (Male) |
| 0:35 | Create | Villager (Male) |
| 0:36 | Create | Villager (Male) |
| 0:40 | Build | House |
| 0:40 | Build | House |
| 0:40 | Build | House |
| 0:41 | Build | House |
| 2:34 | Create | Villager (Male) |
| 2:34 | Create | Villager (Male) |
| 2:34 | Create | Villager (Male) |
| 3:17 | Create | Villager (Male) |
| 3:18 | Create | Villager (Male) |
| 3:52 | Create | Villager (Male) |
| 3:52 | Create | Villager (Male) |
| 3:53 | Create | Villager (Male) |
| 4:09 | Create | Villager (Male) |
| 4:09 | Create | Villager (Male) |
| 4:33 | Create | Villager (Male) |
| 4:33 | Create | Villager (Male) |
| 4:59 | Create | Villager (Male) |
| 5:00 | Create | Villager (Male) |
| 5:12 | Create | Villager (Male) |
| 5:13 | Create | Villager (Male) |
| 5:22 | Build | Mill |
| 5:24 | Create | Villager (Male) |
| 5:24 | Create | Villager (Male) |
| 5:24 | Create | Villager (Male) |
| 5:31 | Build | House |
| 6:24 | Build | Lumber Camp |
| 6:25 | Create | Villager (Male) |
| 6:25 | Create | Villager (Male) |
| 7:11 | Create | Villager (Male) |
| 7:12 | Create | Villager (Male) |
| 7:12 | Create | Villager (Male) |
| 7:12 | Create | Villager (Male) |
| 8:13 | Create | Villager (Male) |
| 8:13 | Create | Villager (Male) |
| 8:32 | Create | Villager (Male) |
| 8:32 | Create | Villager (Male) |
| 8:32 | Create | Villager (Male) |
| 8:32 | Create | Villager (Male) |
| 8:33 | Create | Villager (Male) |
| 9:09 | Build | Mill |
| 9:10 | Create | Villager (Male) |
| 9:10 | Create | Villager (Male) |
| 9:11 | Create | Villager (Male) |
| 9:11 | Create | Villager (Male) |
| 9:11 | Create | Villager (Male) |
| 9:50 | Build | Mining Camp |
| 10:03 | Build | Farm |
| 10:08 | Create | Villager (Male) |
| 10:08 | Create | Villager (Male) |
| 10:08 | Create | Villager (Male) |
| 10:08 | Create | Villager (Male) |
| 10:18 | Create | Villager (Male) |
| 10:18 | Create | Villager (Male) |
| 10:42 | Build | Farm |
| 10:44 | Build | Farm |
| 11:06 | Build | House |
| 11:07 | Build | House |
| 11:09 | Build | House |
| 12:53 | Build | Barracks |
| 13:02 | Research | Feudal Age |
| 14:35 | Create | Militia |
| 14:36 | Create | Militia |
| 14:36 | Create | Militia |
| 14:36 | Create | Militia |
| 14:37 | Create | Militia |
| 15:10 | Build | Farm |
| 15:12 | Build | Farm |
| 15:12 | Build | Farm |
| 15:12 | Age | Feudal Age |
| 15:13 | Build | Farm |
| 15:14 | Build | Farm |
| 15:15 | Build | Farm |
| 15:16 | Build | Farm |
| 15:23 | Build | Blacksmith |
| 15:24 | Create | Villager (Male) |
| 15:34 | Build | Mill |
| 15:40 | Create | Villager (Male) |
| 15:57 | Build | Stable |
| 16:36 | Create | Villager (Male) |
| 16:41 | Build | Farm |
| 17:36 | Build | Stable |
| 17:47 | Build | Farm |
| 18:15 | Research | Castle Age |
| 19:00 | Research | Man-at-Arms (upgrade) |
| 19:23 | Research | Arson |
| 19:33 | Research | Double-Bit Axe |
| 19:50 | Research | Scale Barding Armor |
| 20:32 | Build | Market |
| 20:38 | Research | Forging |
| 20:55 | Age | Castle Age |
| 20:59 | Create | Knight |
| 20:59 | Create | Knight |
| 20:59 | Create | Knight |
| 20:59 | Create | Knight |
| 21:00 | Create | Knight |
| 21:20 | Create | Knight |
| 21:21 | Create | Knight |
| 21:21 | Create | Knight |
| 21:27 | Create | Knight |
| 21:35 | Build | Farm |
| 21:45 | Create | Villager (Male) |
| 21:45 | Create | Villager (Male) |
| 21:52 | Build | Farm |
| 21:56 | Create | Scout Cavalry |
| 22:04 | Build | Farm |
| 22:21 | Create | Knight |
| 22:22 | Create | Knight |
| 22:28 | Create | Villager (Male) |
| 22:28 | Create | Villager (Male) |
| 22:28 | Create | Villager (Male) |
| 22:35 | Create | Spearman |
| 22:35 | Create | Spearman |
| 23:10 | Build | House |
| 23:11 | Build | House |
| 23:14 | Build | House |
| 23:14 | Build | House |
| 23:28 | Create | Villager (Male) |
| 23:28 | Create | Villager (Male) |
| 23:28 | Create | Villager (Male) |
| 23:29 | Create | Villager (Male) |
| 23:29 | Create | Villager (Male) |
| 23:29 | Create | Villager (Male) |
| 23:40 | Create | Villager (Male) |
| 23:40 | Create | Villager (Male) |
| 23:40 | Create | Villager (Male) |
| 23:50 | Build | Castle |
| 23:52 | Create | Villager (Male) |
| 23:52 | Create | Villager (Male) |
| 23:59 | Build | Monastery |
| 24:36 | Research | Bloodlines |
| 24:40 | Research | Scale Mail Armor |
| 25:26 | Create | Villager (Male) |
| 25:27 | Create | Villager (Male) |
| 25:27 | Create | Villager (Male) |
| 25:27 | Create | Villager (Male) |
| 25:27 | Create | Villager (Male) |
| 25:44 | Create | Villager (Male) |
| 25:45 | Create | Villager (Male) |
| 25:45 | Create | Villager (Male) |
| 25:59 | Build | House |
| 25:59 | Build | House |
| 26:00 | Build | House |
| 26:01 | Build | House |
| 26:02 | Create | Villager (Male) |
Build order — L7
First 150 of 718 actions detected
| 0:01 | Create | Villager (Male) |
| 0:01 | Create | Villager (Male) |
| 0:01 | Create | Villager (Male) |
| 0:02 | Create | Villager (Male) |
| 0:04 | Build | House |
| 0:05 | Build | House |
| 1:18 | Create | Villager (Male) |
| 1:45 | Create | Villager (Male) |
| 1:50 | Build | Lumber Camp |
| 2:51 | Create | Villager (Male) |
| 3:06 | Create | Villager (Male) |
| 3:58 | Create | Villager (Male) |
| 3:59 | Create | Villager (Male) |
| 4:38 | Create | Villager (Male) |
| 4:44 | Build | Mill |
| 5:25 | Create | Villager (Male) |
| 5:25 | Create | Villager (Male) |
| 5:29 | Build | House |
| 5:31 | Build | House |
| 5:43 | Create | Villager (Male) |
| 6:01 | Create | Villager (Male) |
| 6:54 | Create | Villager (Male) |
| 7:10 | Create | Villager (Male) |
| 7:31 | Create | Villager (Male) |
| 7:53 | Create | Villager (Male) |
| 9:05 | Build | Mining Camp |
| 9:05 | Create | Villager (Male) |
| 9:21 | Create | Villager (Male) |
| 9:55 | Research | Feudal Age |
| 10:33 | Build | Barracks |
| 10:40 | Build | House |
| 10:41 | Build | House |
| 10:42 | Build | House |
| 11:49 | Build | Farm |
| 11:49 | Build | Farm |
| 11:49 | Build | Farm |
| 11:49 | Build | Farm |
| 12:05 | Age | Feudal Age |
| 12:11 | Create | Villager (Male) |
| 12:11 | Create | Villager (Male) |
| 12:19 | Create | Spearman |
| 12:19 | Create | Spearman |
| 12:29 | Create | Villager (Male) |
| 12:38 | Build | Stone Wall |
| 12:46 | Create | Villager (Male) |
| 12:56 | Build | Blacksmith |
| 13:04 | Build | Market |
| 13:12 | Create | Villager (Male) |
| 13:28 | Build | House |
| 13:31 | Build | House |
| 13:37 | Create | Spearman |
| 14:02 | Build | Farm |
| 14:11 | Build | Farm |
| 14:31 | Build | Farm |
| 15:02 | Build | Stone Wall |
| 15:09 | Build | Stone Wall |
| 15:16 | Build | House |
| 15:19 | Research | Castle Age |
| 15:48 | Build | Mill |
| 16:16 | Build | Gate |
| 17:16 | Research | Horse Collar |
| 17:19 | Research | Double-Bit Axe |
| 17:22 | Research | Gold Mining |
| 17:40 | Research | Loom |
| 17:41 | Create | Villager (Male) |
| 17:41 | Create | Villager (Male) |
| 17:59 | Age | Castle Age |
| 18:06 | Build | Town Center |
| 18:28 | Build | Stone Wall |
| 18:35 | Build | Outpost |
| 18:50 | Research | Bow Saw |
| 19:11 | Research | Pikeman (upgrade) |
| 19:57 | Create | Villager (Male) |
| 19:57 | Create | Villager (Male) |
| 20:01 | Build | Farm |
| 20:01 | Build | Farm |
| 20:17 | Build | Outpost |
| 20:22 | Research | Wheelbarrow |
| 20:22 | Create | Villager (Male) |
| 20:56 | Build | Outpost |
| 20:58 | Create | Villager (Male) |
| 20:58 | Create | Villager (Male) |
| 21:00 | Create | Villager (Male) |
| 21:20 | Build | Town Center |
| 21:24 | Create | Villager (Male) |
| 21:37 | Build | Farm |
| 21:46 | Build | Farm |
| 22:05 | Build | Outpost |
| 22:10 | Create | Villager (Male) |
| 22:12 | Create | Villager (Male) |
| 22:21 | Build | Farm |
| 22:23 | Build | Farm |
| 22:30 | Create | Villager (Male) |
| 22:43 | Build | Outpost |
| 22:47 | Create | Villager (Male) |
| 22:48 | Create | Villager (Male) |
| 23:04 | Build | Mining Camp |
| 23:14 | Research | Town Watch |
| 23:21 | Build | Outpost |
| 23:31 | Build | Outpost |
| 23:34 | Create | Villager (Male) |
| 23:35 | Create | Villager (Male) |
| 23:39 | Create | Villager (Male) |
| 23:39 | Create | Villager (Male) |
| 23:43 | Build | Farm |
| 23:43 | Build | Farm |
| 23:49 | Build | Farm |
| 23:49 | Build | Farm |
| 24:00 | Build | Outpost |
| 24:05 | Build | House |
| 24:06 | Build | House |
| 24:10 | Create | Villager (Male) |
| 24:11 | Create | Villager (Male) |
| 24:25 | Create | Villager (Male) |
| 24:27 | Create | Villager (Male) |
| 24:32 | Build | Farm |
| 24:34 | Create | Villager (Male) |
| 24:37 | Build | Farm |
| 24:43 | Build | Farm |
| 25:06 | Build | House |
| 25:09 | Build | House |
| 25:11 | Create | Villager (Male) |
| 25:12 | Create | Villager (Male) |
| 25:12 | Create | Villager (Male) |
| 25:26 | Create | Villager (Male) |
| 25:26 | Create | Villager (Male) |
| 25:33 | Build | Farm |
| 25:33 | Build | Farm |
| 25:33 | Build | Farm |
| 25:39 | Build | House |
| 25:41 | Build | House |
| 25:44 | Create | Villager (Male) |
| 25:45 | Create | Villager (Male) |
| 25:46 | Create | Villager (Male) |
| 26:05 | Create | Villager (Male) |
| 26:06 | Create | Villager (Male) |
| 26:13 | Build | Stable |
| 26:49 | Build | Castle |
| 26:53 | Build | House |
| 26:54 | Build | House |
| 26:54 | Create | Villager (Male) |
| 26:55 | Create | Villager (Male) |
| 26:55 | Create | Villager (Male) |
| 26:56 | Create | Villager (Male) |
| 27:02 | Research | Hand Cart |
| 27:04 | Create | Villager (Male) |
| 27:25 | Build | Stable |
| 27:26 | Build | Stable |
| 27:29 | Create | Villager (Male) |
| 27:31 | Create | Villager (Male) |
Build order — RAFAEL CORREA DELGADO
First 150 of 240 actions detected
| 0:19 | Build | House |
| 0:26 | Build | House |
| 0:43 | Research | Loom |
| 0:47 | Create | Villager (Male) ×4 |
| 2:18 | Build | Lumber Camp |
| 2:59 | Create | Villager (Male) |
| 3:15 | Create | Villager (Male) |
| 4:04 | Create | Villager (Male) |
| 4:47 | Create | Villager (Male) |
| 4:47 | Create | Villager (Male) |
| 5:27 | Create | Villager (Male) |
| 5:55 | Build | House |
| 5:57 | Build | House |
| 6:00 | Build | House |
| 6:09 | Create | Villager (Male) |
| 6:39 | Create | Villager (Male) |
| 7:19 | Create | Villager (Male) |
| 8:09 | Create | Villager (Male) |
| 8:25 | Create | Villager (Male) |
| 8:26 | Create | Villager (Male) |
| 8:44 | Build | Mill |
| 9:00 | Build | Mining Camp |
| 9:28 | Create | Villager (Male) |
| 9:29 | Create | Villager (Male) |
| 9:43 | Create | Villager (Male) |
| 10:02 | Build | Farm |
| 10:22 | Build | Farm |
| 10:34 | Create | Villager (Male) |
| 10:45 | Create | Villager (Male) |
| 10:45 | Create | Villager (Male) |
| 11:15 | Build | Farm |
| 11:24 | Build | Mining Camp |
| 11:52 | Build | Farm |
| 12:02 | Build | Farm |
| 12:05 | Create | Villager (Male) |
| 12:05 | Create | Villager (Male) |
| 12:37 | Build | Farm |
| 13:06 | Build | House |
| 13:09 | Build | House |
| 13:15 | Build | Barracks |
| 13:26 | Research | Feudal Age |
| 14:50 | Build | Mill |
| 15:36 | Age | Feudal Age |
| 15:44 | Build | Stone Wall |
| 16:04 | Research | Double-Bit Axe |
| 16:09 | Research | Horse Collar |
| 16:15 | Create | Villager (Male) ×5 |
| 16:52 | Build | Mill |
| 16:57 | Build | Farm |
| 17:16 | Build | Farm |
| 18:25 | Build | Market |
| 18:32 | Build | Blacksmith |
| 18:48 | Create | Villager (Male) |
| 18:48 | Create | Villager (Male) |
| 18:48 | Create | Villager (Male) |
| 19:50 | Build | Stone Wall |
| 19:54 | Build | Stone Wall |
| 20:02 | Build | Gate |
| 20:44 | Build | Archery Range |
| 20:45 | Build | Archery Range |
| 21:04 | Research | Castle Age |
| 21:05 | Research | Wheelbarrow |
| 21:06 | Research | Town Watch |
| 21:11 | Research | Gold Mining |
| 22:01 | Research | Padded Archer Armor |
| 22:01 | Research | Fletching |
| 22:02 | Research | Scale Barding Armor |
| 22:03 | Research | Forging |
| 22:05 | Research | Scale Mail Armor |
| 22:58 | Research | Stone Mining |
| 23:27 | Build | Stable |
| 23:39 | Build | Archery Range |
| 23:44 | Age | Castle Age |
| 23:50 | Research | Heavy Plow |
| 23:53 | Research | Bow Saw |
| 24:04 | Create | Spearman |
| 25:13 | Create | Militia |
| 25:13 | Create | Militia |
| 25:58 | Create | Villager (Male) ×5 |
| 27:01 | Build | Siege Workshop |
| 27:14 | Build | Siege Workshop |
| 27:49 | Create | Scorpion |
| 27:50 | Create | Scorpion |
| 27:52 | Create | Scorpion |
| 28:00 | Create | Scorpion |
| 29:32 | Build | Town Center |
| 29:43 | Create | Mangonel |
| 29:44 | Create | Mangonel |
| 29:45 | Create | Mangonel |
| 29:45 | Create | Mangonel |
| 29:46 | Create | Mangonel |
| 29:55 | Build | House |
| 29:59 | Build | House |
| 31:33 | Build | Mining Camp |
| 33:37 | Build | Monastery |
| 34:06 | Create | Monk |
| 36:15 | Build | Stone Wall |
| 37:00 | Build | Castle |
| 37:24 | Build | Castle |
| 37:50 | Create | Villager (Male) ×5 |
| 37:57 | Build | House |
| 37:59 | Build | House |
| 38:01 | Build | House |
| 38:04 | Build | House |
| 38:13 | Build | Archery Range |
| 38:20 | Build | Mill |
| 38:27 | Build | Farm |
| 39:02 | Build | Farm |
| 39:12 | Build | Farm |
| 39:17 | Create | Villager (Male) |
| 39:17 | Create | Villager (Male) |
| 39:18 | Create | Villager (Male) |
| 39:30 | Create | Armored Elephant |
| 39:30 | Create | Armored Elephant |
| 40:57 | Build | Farm |
| 40:58 | Build | Farm |
| 40:58 | Build | Farm |
| 41:01 | Build | Farm |
| 41:44 | Create | Villager (Male) ×5 |
| 41:54 | Build | House |
| 41:55 | Build | House |
| 41:56 | Build | House |
| 42:01 | Build | Farm |
| 42:41 | Build | Farm |
| 42:51 | Create | Villager (Male) |
| 43:32 | Build | Mill |
| 43:40 | Build | Farm |
| 43:49 | Create | Villager (Male) |
| 43:50 | Create | Villager (Male) |
| 44:03 | Create | Villager (Male) |
| 44:07 | Research | Hand Cart |
| 44:18 | Build | Mining Camp |
| 44:55 | Create | Villager (Male) |
| 44:55 | Create | Villager (Male) |
| 44:56 | Create | Villager (Male) |
| 45:10 | Build | Gate |
| 45:41 | Build | Farm |
| 45:41 | Build | Farm |
| 45:42 | Build | Farm |
| 46:17 | Build | Lumber Camp |
| 46:39 | Create | Villager (Male) |
| 47:13 | Create | Villager (Male) |
| 47:14 | Create | Villager (Male) |
| 47:14 | Create | Villager (Male) |
| 47:31 | Build | Archery Range |
| 47:33 | Build | Archery Range |
| 47:36 | Build | Archery Range |
| 47:58 | Build | University |
| 48:14 | Research | Imperial Age |
| 48:28 | Build | Farm |
Build order — malin la estrella xd
69 actions detected in the replay
| 0:13 | Create | Villager (Male) |
| 0:13 | Create | Villager (Male) |
| 0:14 | Create | Villager (Male) |
| 0:14 | Create | Villager (Male) |
| 0:15 | Research | Loom |
| 1:00 | Build | House |
| 1:04 | Build | House |
| 1:06 | Build | House |
| 1:08 | Build | House |
| 2:49 | Create | Villager (Male) |
| 3:10 | Create | Villager (Male) |
| 3:38 | Create | Villager (Male) |
| 3:56 | Build | Lumber Camp |
| 4:34 | Create | Villager (Male) |
| 4:41 | Create | Villager (Male) |
| 5:18 | Build | Mill |
| 5:40 | Create | Villager (Male) |
| 5:41 | Create | Villager (Male) |
| 6:34 | Create | Villager (Male) |
| 6:35 | Create | Villager (Male) |
| 7:25 | Create | Villager (Male) |
| 7:26 | Create | Villager (Male) |
| 7:35 | Build | Mill |
| 7:52 | Create | Villager (Male) |
| 9:16 | Create | Villager (Male) |
| 9:18 | Create | Villager (Male) |
| 10:12 | Build | House |
| 10:14 | Build | House |
| 10:41 | Research | Feudal Age |
| 10:41 | Research | Feudal Age |
| 11:17 | Build | House |
| 11:58 | Build | Palisade Gate |
| 12:00 | Build | House |
| 12:38 | Create | Villager (Male) |
| 12:39 | Create | Villager (Male) |
| 12:39 | Create | Villager (Male) |
| 12:51 | Age | Feudal Age |
| 13:12 | Build | Blacksmith |
| 13:23 | Build | Mining Camp |
| 13:59 | Build | Market |
| 14:33 | Create | Villager (Male) |
| 14:34 | Create | Villager (Male) |
| 15:07 | Create | Villager (Male) |
| 15:18 | Build | Mill |
| 15:39 | Build | Barracks |
| 15:54 | Build | Farm |
| 15:54 | Build | Farm |
| 15:57 | Build | Farm |
| 16:00 | Create | Villager (Male) |
| 16:00 | Create | Villager (Male) |
| 16:34 | Build | Farm |
| 16:47 | Build | Farm |
| 16:55 | Build | Farm |
| 17:44 | Research | Castle Age |
| 18:33 | Create | Villager (Male) |
| 18:33 | Create | Villager (Male) |
| 18:42 | Research | Double-Bit Axe |
| 19:01 | Create | Spearman |
| 19:02 | Create | Spearman |
| 19:03 | Create | Spearman |
| 20:05 | Create | Spearman |
| 20:24 | Age | Castle Age |
| 20:46 | Create | Villager (Male) |
| 20:47 | Create | Villager (Male) |
| 20:56 | Research | Man-at-Arms (upgrade) |
| 21:07 | Build | Mining Camp |
| 22:01 | Research | Wheelbarrow |
| 22:18 | Build | Town Center |
| 22:44 | Research | Pikeman (upgrade) |
Build order — Morket
First 150 of 453 actions detected
| 0:02 | Create | Villager (Male) |
| 0:03 | Create | Villager (Male) |
| 0:11 | Build | House |
| 0:17 | Build | House |
| 0:38 | Create | Villager (Male) |
| 0:38 | Create | Villager (Male) |
| 2:00 | Create | Villager (Male) |
| 2:01 | Create | Villager (Male) |
| 2:26 | Create | Villager (Male) |
| 2:59 | Create | Villager (Male) |
| 3:16 | Build | Lumber Camp |
| 3:29 | Create | Villager (Male) |
| 4:08 | Build | House |
| 4:24 | Create | Villager (Male) |
| 4:25 | Create | Villager (Male) |
| 4:38 | Build | Lumber Camp |
| 4:58 | Create | Villager (Male) |
| 5:11 | Build | House |
| 5:18 | Create | Villager (Male) |
| 6:29 | Build | Mill |
| 6:32 | Create | Villager (Male) |
| 6:32 | Create | Villager (Male) |
| 7:23 | Create | Villager (Male) |
| 7:57 | Create | Villager (Male) |
| 8:22 | Research | Feudal Age |
| 8:57 | Create | Villager (Male) |
| 9:07 | Build | House |
| 9:20 | Build | Farm |
| 9:46 | Build | Farm |
| 9:54 | Build | Mining Camp |
| 10:02 | Build | Mining Camp |
| 10:04 | Create | Villager (Male) |
| 10:28 | Create | Villager (Male) |
| 10:32 | Age | Feudal Age |
| 10:47 | Create | Villager (Male) |
| 11:00 | Create | Villager (Male) |
| 11:37 | Build | Stable |
| 11:39 | Build | Stable |
| 11:56 | Build | House |
| 12:00 | Build | House |
| 12:14 | Create | Villager (Male) |
| 12:38 | Create | Villager (Male) |
| 13:24 | Create | Villager (Male) |
| 13:34 | Create | Scout Cavalry |
| 13:38 | Build | Farm |
| 13:44 | Build | Farm |
| 13:45 | Create | Villager (Male) |
| 13:46 | Create | Villager (Male) |
| 14:03 | Build | Market |
| 14:09 | Build | Blacksmith |
| 14:22 | Create | Villager (Male) |
| 14:27 | Build | House |
| 14:45 | Create | Villager (Male) |
| 15:20 | Build | Mill |
| 15:30 | Create | Villager (Male) |
| 15:41 | Build | Farm |
| 15:43 | Create | Villager (Male) |
| 16:15 | Create | Villager (Male) |
| 16:45 | Create | Villager (Male) |
| 17:06 | Create | Scout Cavalry |
| 17:22 | Create | Villager (Male) |
| 17:56 | Build | Lumber Camp |
| 17:59 | Create | Villager (Male) |
| 18:18 | Research | Castle Age |
| 19:08 | Research | Loom |
| 19:29 | Create | Scout Cavalry |
| 19:31 | Create | Scout Cavalry |
| 19:45 | Build | House |
| 19:47 | Build | House |
| 19:50 | Build | House |
| 19:52 | Build | House |
| 20:22 | Create | Scout Cavalry |
| 20:44 | Create | Villager (Male) |
| 20:44 | Create | Villager (Male) |
| 20:58 | Research | Double-Bit Axe |
| 21:04 | Age | Castle Age |
| 21:04 | Research | Horse Collar |
| 21:09 | Build | Farm |
| 21:11 | Create | Villager (Male) |
| 21:18 | Build | Town Center |
| 21:39 | Build | Monastery |
| 21:46 | Create | Villager (Male) |
| 21:52 | Create | Scout Cavalry |
| 22:01 | Build | Lumber Camp |
| 22:05 | Research | Scale Barding Armor |
| 22:12 | Create | Monk |
| 22:14 | Create | Monk |
| 22:41 | Create | Scout Cavalry |
| 22:43 | Research | Husbandry |
| 23:16 | Create | Villager (Male) |
| 23:16 | Create | Villager (Male) |
| 23:19 | Create | Villager (Male) |
| 23:59 | Build | Castle |
| 24:18 | Create | Villager (Male) |
| 24:18 | Create | Villager (Male) |
| 24:53 | Create | Villager (Male) |
| 24:53 | Create | Villager (Male) |
| 24:58 | Research | Wheelbarrow |
| 25:28 | Research | Tusk Swords |
| 25:58 | Build | Barracks |
| 26:00 | Build | Barracks |
| 26:20 | Build | Town Center |
| 26:30 | Create | Monk |
| 26:38 | Build | Siege Workshop |
| 26:41 | Create | Villager (Male) |
| 26:49 | Research | Pikeman (upgrade) |
| 26:49 | Create | Spearman |
| 26:50 | Create | Spearman |
| 26:58 | Build | Stone Wall |
| 27:08 | Create | Monk |
| 27:17 | Create | Battering Ram |
| 27:20 | Create | Mangonel |
| 27:28 | Build | Watch Tower |
| 27:30 | Create | Villager (Male) |
| 27:31 | Create | Villager (Male) |
| 27:37 | Create | Villager (Male) |
| 27:54 | Build | Town Center |
| 27:56 | Create | Villager (Male) |
| 28:16 | Build | Mining Camp |
| 29:05 | Build | Stone Wall |
| 29:21 | Build | Farm |
| 29:22 | Build | Farm |
| 29:43 | Build | Monastery |
| 29:55 | Build | Mining Camp |
| 29:56 | Create | Villager (Male) |
| 29:57 | Create | Villager (Male) |
| 29:58 | Research | Town Watch |
| 30:05 | Create | Villager (Male) |
| 30:05 | Create | Villager (Male) |
| 30:06 | Create | Villager (Male) |
| 30:06 | Create | Villager (Male) |
| 30:13 | Research | Herbal Medicine |
| 30:37 | Create | Mangonel |
| 30:37 | Create | Mangonel |
| 30:43 | Create | Ballista Elephant |
| 30:47 | Create | Monk |
| 30:57 | Create | Villager (Male) |
| 31:09 | Create | Villager (Male) |
| 31:09 | Create | Villager (Male) |
| 31:12 | Build | Farm |
| 31:16 | Build | Farm |
| 31:22 | Build | Farm |
| 31:22 | Build | Farm |
| 31:22 | Build | Farm |
| 31:23 | Build | Farm |
| 31:23 | Build | Farm |
| 31:24 | Build | Farm |
| 31:24 | Build | Farm |
| 31:24 | Build | Farm |
| 31:25 | Build | Farm |
Build order — EL SANTO PADRE EL ORIGINAL
First 150 of 848 actions detected
| 0:02 | Create | Villager (Male) |
| 0:02 | Create | Villager (Male) |
| 0:02 | Create | Villager (Male) |
| 0:03 | Create | Villager (Male) |
| 0:03 | Create | Villager (Male) |
| 0:03 | Create | Villager (Male) |
| 0:06 | Build | House |
| 0:07 | Build | House |
| 0:55 | Research | Loom |
| 1:40 | Create | Villager (Male) |
| 1:40 | Create | Villager (Male) |
| 2:25 | Create | Villager (Male) |
| 2:45 | Create | Villager (Male) |
| 2:45 | Create | Villager (Male) |
| 3:18 | Create | Villager (Male) |
| 3:18 | Create | Villager (Male) |
| 3:19 | Create | Villager (Male) |
| 3:19 | Create | Villager (Male) |
| 3:19 | Create | Villager (Male) |
| 3:19 | Create | Villager (Male) |
| 3:35 | Build | House |
| 3:36 | Build | House |
| 3:46 | Create | Villager (Male) |
| 3:46 | Create | Villager (Male) |
| 3:46 | Create | Villager (Male) |
| 4:03 | Build | Lumber Camp |
| 4:21 | Create | Villager (Male) |
| 4:21 | Create | Villager (Male) |
| 4:22 | Create | Villager (Male) |
| 5:08 | Create | Villager (Male) |
| 5:09 | Create | Villager (Male) |
| 5:09 | Create | Villager (Male) |
| 5:09 | Create | Villager (Male) |
| 5:29 | Create | Villager (Male) |
| 5:29 | Create | Villager (Male) |
| 5:48 | Create | Villager (Male) |
| 5:48 | Create | Villager (Male) |
| 6:10 | Create | Villager (Male) |
| 6:11 | Create | Villager (Male) |
| 7:03 | Build | Mill |
| 7:20 | Create | Villager (Male) |
| 7:23 | Create | Villager (Male) |
| 7:52 | Build | House |
| 7:53 | Build | House |
| 7:54 | Build | House |
| 7:56 | Build | House |
| 8:03 | Build | Barracks |
| 9:29 | Build | Farm |
| 9:34 | Build | Farm |
| 10:31 | Build | Farm |
| 10:35 | Build | Farm |
| 10:38 | Build | Farm |
| 10:42 | Build | Farm |
| 10:47 | Build | Farm |
| 10:49 | Build | Farm |
| 11:01 | Build | Mining Camp |
| 11:04 | Research | Feudal Age |
| 11:23 | Create | Villager (Male) |
| 11:23 | Create | Villager (Male) |
| 11:38 | Create | Villager (Male) |
| 11:38 | Create | Villager (Male) |
| 11:44 | Create | Villager (Male) |
| 12:00 | Create | Villager (Male) |
| 12:00 | Create | Villager (Male) |
| 12:00 | Create | Villager (Male) |
| 12:07 | Build | Mining Camp |
| 12:30 | Create | Villager (Male) |
| 12:30 | Create | Villager (Male) |
| 12:31 | Create | Villager (Male) |
| 13:14 | Age | Feudal Age |
| 13:19 | Build | Blacksmith |
| 13:26 | Build | Stable |
| 13:30 | Research | Double-Bit Axe |
| 13:33 | Research | Horse Collar |
| 13:36 | Create | Villager (Male) |
| 13:36 | Create | Villager (Male) |
| 14:33 | Research | Wheelbarrow |
| 15:16 | Build | Farm |
| 15:22 | Build | Farm |
| 15:28 | Build | House |
| 15:30 | Build | House |
| 15:31 | Build | House |
| 15:34 | Build | House |
| 15:41 | Create | Scout Cavalry |
| 15:41 | Create | Scout Cavalry |
| 15:52 | Build | Farm |
| 16:33 | Build | Farm |
| 17:26 | Build | House |
| 17:28 | Build | House |
| 17:29 | Build | House |
| 17:30 | Build | House |
| 18:28 | Research | Castle Age |
| 18:33 | Create | Spearman |
| 18:33 | Create | Spearman |
| 18:34 | Create | Spearman |
| 18:34 | Create | Spearman |
| 19:55 | Research | Stone Mining |
| 20:02 | Create | Spearman |
| 20:03 | Create | Spearman |
| 20:03 | Create | Spearman |
| 20:03 | Create | Spearman |
| 20:08 | Research | Scale Mail Armor |
| 20:12 | Research | Forging |
| 20:12 | Research | Forging |
| 20:27 | Build | Lumber Camp |
| 20:38 | Create | Villager (Male) |
| 20:38 | Create | Villager (Male) |
| 20:38 | Create | Villager (Male) |
| 21:08 | Age | Castle Age |
| 21:40 | Create | Villager (Male) |
| 21:41 | Research | Hand Cart |
| 22:11 | Research | Heavy Plow |
| 22:25 | Build | Castle |
| 23:08 | Create | Villager (Male) |
| 23:08 | Create | Villager (Male) |
| 23:08 | Create | Villager (Male) |
| 23:09 | Create | Villager (Male) |
| 23:09 | Create | Villager (Male) |
| 23:09 | Create | Villager (Male) |
| 23:09 | Create | Villager (Male) |
| 23:15 | Build | Farm |
| 24:14 | Build | House |
| 24:15 | Build | House |
| 24:19 | Create | Woad Raider |
| 24:19 | Create | Woad Raider |
| 24:19 | Create | Woad Raider |
| 24:20 | Create | Woad Raider |
| 24:20 | Create | Woad Raider |
| 24:20 | Create | Woad Raider |
| 24:35 | Research | Bow Saw |
| 24:53 | Create | Woad Raider |
| 24:53 | Create | Woad Raider |
| 25:03 | Create | Woad Raider |
| 25:03 | Create | Woad Raider |
| 25:12 | Create | Villager (Male) |
| 25:12 | Create | Villager (Male) |
| 25:24 | Build | Mill |
| 25:30 | Build | Farm |
| 25:34 | Build | Farm |
| 25:38 | Build | Farm |
| 25:56 | Create | Woad Raider |
| 25:56 | Create | Woad Raider |
| 25:57 | Create | Woad Raider |
| 25:57 | Create | Woad Raider |
| 25:57 | Create | Woad Raider |
| 26:08 | Build | Siege Workshop |
| 26:14 | Build | Siege Workshop |
| 26:22 | Build | Monastery |
| 26:50 | Build | Mining Camp |
| 27:29 | Build | Farm |
Match timeline
| 8:03 | EL SANTO PADRE EL ORIGINAL · first_building Barracks |
| 10:32 | Morket · age_up feudal |
| 10:33 | L7 · first_building Barracks |
| 11:37 | Morket · first_building Stable |
| 12:05 | L7 · age_up feudal |
| 12:38 | L7 · wall_segment Stone Wall x16 |
| 12:51 | malin la estrella xd · age_up feudal |
| 12:53 | EL_PUERCO_REDENTOR · first_building Barracks |
| 13:14 | EL SANTO PADRE EL ORIGINAL · age_up feudal |
| 13:15 | RAFAEL CORREA DELGADO · first_building Barracks |
| 13:26 | EL SANTO PADRE EL ORIGINAL · first_building Stable |
| 14:18 | L7 · first_market_buy 100 food |
| 15:02 | L7 · wall_segment Stone Wall x11 |
| 15:09 | L7 · wall_segment Stone Wall x19 |
| 15:12 | EL_PUERCO_REDENTOR · age_up feudal |
| 15:36 | RAFAEL CORREA DELGADO · age_up feudal |
| 15:39 | malin la estrella xd · first_building Barracks |
| 15:44 | RAFAEL CORREA DELGADO · wall_segment Stone Wall x33 |
| 15:57 | EL_PUERCO_REDENTOR · first_building Stable |
| 17:42 | malin la estrella xd · first_market_buy 100 food |
| 17:59 | L7 · age_up castle |
| 18:28 | L7 · wall_segment Stone Wall x20 |
| 19:50 | RAFAEL CORREA DELGADO · wall_segment Stone Wall x15 |
| 19:54 | RAFAEL CORREA DELGADO · wall_segment Stone Wall x12 |
| 20:24 | malin la estrella xd · age_up castle |
| 20:44 | RAFAEL CORREA DELGADO · first_building Archery Range |
| 20:55 | EL_PUERCO_REDENTOR · age_up castle |
| 21:04 | Morket · age_up castle |
| 21:08 | EL SANTO PADRE EL ORIGINAL · age_up castle |
| 21:39 | Morket · first_building Monastery |
| 22:25 | EL SANTO PADRE EL ORIGINAL · first_building Castle |
| 23:27 | RAFAEL CORREA DELGADO · first_building Stable |
| 23:44 | RAFAEL CORREA DELGADO · age_up castle |
| 23:50 | EL_PUERCO_REDENTOR · first_building Castle |
| 23:59 | EL_PUERCO_REDENTOR · first_building Monastery |
| 23:59 | Morket · first_building Castle |
| 24:47 | malin la estrella xd · resign |
| 25:03 | Morket · first_market_sell 100 wood |
| 25:58 | Morket · first_building Barracks |
| 26:08 | EL SANTO PADRE EL ORIGINAL · first_building Siege Workshop |
| 26:13 | L7 · first_building Stable |
| 26:22 | EL SANTO PADRE EL ORIGINAL · first_building Monastery |
| 26:38 | Morket · first_building Siege Workshop |
| 26:49 | L7 · first_building Castle |
| 26:58 | Morket · wall_segment Stone Wall x11 |
| 27:01 | RAFAEL CORREA DELGADO · first_building Siege Workshop |
| 27:04 | EL_PUERCO_REDENTOR · first_market_sell 100 wood |
| 27:07 | EL_PUERCO_REDENTOR · first_market_buy 100 stone |
| 29:05 | Morket · wall_segment Stone Wall x17 |
| 29:20 | EL_PUERCO_REDENTOR · first_building Siege Workshop |
| 29:46 | L7 · wall_segment Stone Wall x25 |
| 29:56 | L7 · wall_segment Stone Wall x18 |
| 30:50 | L7 · first_building Siege Workshop |
| 31:29 | Morket · first_market_buy 100 wood |
| 33:37 | RAFAEL CORREA DELGADO · first_building Monastery |
| 34:46 | EL SANTO PADRE EL ORIGINAL · age_up imperial |
| 36:15 | RAFAEL CORREA DELGADO · wall_segment Stone Wall x1 |
| 37:00 | RAFAEL CORREA DELGADO · first_building Castle |
| 37:44 | RAFAEL CORREA DELGADO · first_market_buy 500 food |
| 40:36 | L7 · first_building Archery Range |
| 42:30 | Morket · age_up imperial |
| 43:44 | EL_PUERCO_REDENTOR · age_up imperial |
| 44:01 | L7 · age_up imperial |
| 44:45 | L7 · wall_segment Stone Wall x1 |
| 51:24 | RAFAEL CORREA DELGADO · age_up imperial |
| 61:01 | Morket · wall_segment Stone Wall x12 |
[ AI ANALYSIS · 1 CREDIT ]
What really happened in this match?
Wolo.gg analyzes every decision: build order, eco, micro, common mistakes by bracket. Personalized analysis on WhatsApp or Discord in 30 seconds.
Civ guide
Teutons
Map guide
MegaRandom
Perfil
EL_PUERCO_REDENTOR